 Dungeon Crawl Stone Soup version 0.29.0-4-gdea44cf6ec (webtiles) character file.

Game seed: 2762426302123801415

24220 qw the Brawler (level 12, -6/119 HPs)
             Began as a Troll Cinder Acolyte on Sept 1, 2022.
             Was a Priest of Okawaru.
             Mangled by a wolf (9 damage)
             ... on level 5 of the Lair of Beasts.
             The game lasted 00:07:08 (12451 turns).

qw the Brawler (Troll Cinder Acolyte)              Turns: 12451, Time: 00:07:08

Health: -6/119     AC: 13    Str: 29    XL:     12   Next: 78%
Magic:  12/14      EV: 12    Int: 10    God:    Okawaru [***...]
Gold:   513        SH:  0    Dex: 11    Spells: 13/13 levels left

rFire   . . .      SeeInvis .     - Unarmed
rCold   + . .      Faith    .   (no shield)
rNeg    . . .      Spirit   .   q - +5 steam dragon scales
rPois   .          Reflect  .   (helmet restricted)
rElec   .          Harm     .   e - scarf {repulsion}
rCorr   .          Rampage  .   (gloves unavailable)
Will    .....                   (boots unavailable)
Stlth   +++.......              k - amulet of regeneration
HPRegen 1.89/turn               n - +6 ring of dexterity
MPRegen 0.14/turn               o - ring of protection from cold

@: heroic, repel missiles, fire susceptible
A: large, unfitting armour, claws 3, regeneration 1, shaggy fur 1, tough skin 1
a: Renounce Religion, Heroism


You were on level 5 of the Lair of Beasts.
You worshipped Okawaru.
Okawaru was most pleased with you.
You visited 3 branches of the dungeon, and saw 16 of its levels.
You also visited: Sewer.

You collected 978 gold pieces.
You spent 465 gold pieces at shops.


Innate Abilities, Weirdness & Mutations

You are too large for most types of armour.
You have claws for hands.
Your natural rate of healing is unusually fast.
You are covered in fur. (AC +1)
You have tough skin. (AC +1)


   Skills:
 - Level 8.0(13.0) Fighting
 - Level 2.0(7.0) Throwing
 - Level 2.1(7.1) Armour
 - Level 4.1(9.1) Dodging
 + Level 18.0(23.0) Unarmed Combat
 - Level 1.0 Spellcasting
 - Level 2.1 Fire Magic
 - Level 4.0 Invocations


You had 13 spell levels left.
You didn't know any spells.
Your spell library contained the following spells:

 Spells                   Type           Power      Damage    Failure   Level
 Scorch                   Fire           8%         2d5       22%         2

Inventory:

Armour
 e - a scarf of repulsion (worn)
 p - a +2 robe of fire resistance
 q - +5 steam dragon scales (worn)
 r - +0 ice dragon scales
Jewellery
 k - an amulet of regeneration (around neck)
 n - a +6 ring of dexterity (left claw)
 o - a ring of protection from cold (right claw)
 s - a ring of willpower
 u - a ring of fire
Scrolls
 a - a scroll of torment {unknown}
 f - 6 scrolls of identify
 g - 2 scrolls of enchant armour
 j - 4 scrolls of enchant weapon
 t - a scroll of brand weapon
Potions
 c - 7 potions of might
 d - 3 potions of cancellation
 h - 5 potions of curing
 i - 6 potions of mutation
 m - 3 potions of haste

Dungeon Overview and Level Annotations

Branches:
Dungeon (11/15)            Temple (1/1) D:5            Lair (3/5) D:11
 Shoals (0/4) Lair:2       Spider (0/4) Lair:3          Orc (0/2) D:11
  Sewer (visited)

Altars:
Ashenzari
Cheibriados
Elyvilon
Fedhas
Gozag
Kikubaaqudgha
Makhleb
Nemelex Xobeh
Okawaru
Qazlal
Ru
Sif Muna
Trog
Wu Jian
Xom
Yredelemnul
The Shining One

Shops:
D:2 :   D:7 !   D:10 *

Annotations:
D:5 2 transporters, 2 runed translucent doors, Menkaure; qw's ghost, novice TrCA
D:6 3 runed translucent doors, qw's ghost, novice TrCA
D:11 2 transporters, qw's ghost, journeyman TrCA


Message History

You mangle the cane toad!! You claw the cane toad!
The cane toad is almost dead.
The wolf closely misses you. The wolf bites you but does no damage.
The blink frog blinks! x2; The cane toad closely misses you.
You mangle the cane toad!!
You kill the cane toad!
Okawaru accepts your kill. The wolf bites you but does no damage.
The blink frog blinks! x2
The yak gores you but does no damage.
The dream sheep bites you but does no damage.
The wolf bites you but does no damage.
Your base Fighting skill increases to level 8!
A death yak comes into view.
You mangle the yak!!
The yak is severely wounded.
The wolf barely misses you. The wolf closely misses you.
The blink frog blinks!
The wolf barely misses you.
You mangle the yak!!
You kill the yak!
Okawaru accepts your kill. The wolf barely misses you.
The blink frog blinks!
The wolf closely misses you.
The blink frog blinks!
The dream sheep bites you.
The blink frog blinks!
An elephant comes into view.
The wolf barely misses you.
The blink frog blinks!
You closely miss the yak. The wolf misses you. The wolf bites you!
The wolf closely misses you.
The blink frog blinks!
A death yak comes into view.
The dream sheep bites you but does no damage.
The blink frog blinks!
The yak gores you!
You eviscerate the yak!!!
You kill the yak!
Okawaru accepts your kill.
Okawaru will now gift you throwing weapons as you gain piety.
You hear a loud, deep croak!
The wolf misses you.
The blink frog blinks!
The wolf bites you but does no damage. The wolf closely misses you.
You miss the blink frog. The wolf bites you!
You die... ### ## ###.####.# .#.#Yh@Fl.# .###.#YYhhYY.# ..YhYlYYDYYFF#

Y.Y#Y##€FSFY.#
. # #..F..##
##FF.## #Y.##
#..F #....


You could see 4 death yaks, a four-headed hydra, 3 elephants, 2 komodo dragons,
a black mamba, 5 yaks, 9 blink frogs, 4 wolves and 3 dream sheep.

Vanquished Creatures
  2 boulder beetles
  2 hydras
  An orb spider (Lair:3)
  Pikel (D:6)
  4 elephants (Lair:2)
  3 merfolk sirens (Lair:2)
  2 black mambas (Lair:2)
  3 cane toads (Lair:5)
  4 komodo dragons
  2 rime drakes (Lair:5)
  2 polar bears (Lair:2)
  A queen bee (D:9)
  5 trolls
  2 hornets (D:9)
  A merfolk (Lair:2)
  4 dream sheep (Lair:5)
  7 blink frogs
  25 yaks
  A basilisk (D:11)
  5 wyverns
  4 steam dragons
  An acid dragon (D:11)
  Duvessa (D:6)
  A swamp drake (D:11)
  9 water moccasins
  3 black bears
  A sky beast (D:7)
  An ice beast (D:7)
  5 orc warriors
  2 ogres
  A lemure (D:6)
  6 centaurs
  A phantom (D:4)
  3 kobold brigands
  6 bullfrogs
  A gnoll sergeant (D:9)
  A necrophage (D:4)
  2 scorpions
  20 killer bees
  Dowan (D:6)
  2 electric eels (D:10)
  7 howler monkeys
  10 orc priests
  A gnoll bouda (D:7)
  7 hounds
  2 iguanas
  10 orc wizards
  Robin (D:2)
  12 gnolls
  5 river rats
  7 adders
  A shadow imp (D:6)
  A white imp (D:6)
  2 ufetubi (D:5)
  2 worms (Sewer)
  2 dart slugs (D:3)
  32 orcs
  5 endoplasms
  8 giant cockroaches
  18 goblins
  8 hobgoblins
  4 jackals
  8 kobolds
  6 quokkas
  15 ball pythons
  10 bats
  5 frilled lizards
  9 rats
347 creatures vanquished.

Vanquished Creatures (others)
  13 fungi
  11 plants
24 creatures vanquished.

Grand Total: 371 creatures vanquished

Notes
Turn   | Place    | Note
-------+----------+-------------------------------------------
     0 | D:1      | qw the Troll Cinder Acolyte began the quest for the Orb.
     0 | D:1      | Reached XP level 1. HP: 22/22 MP: 1/1
     0 | D:1      | 0 ||| qw: Version: 0.1-a-97-g2dd2ca4
     0 | D:1      | 0 ||| qw: Game counter: 4741
     0 | D:1      | 0 ||| qw: Always use a shield: true
     0 | D:1      | 0 ||| qw: God list: Okawaru
     0 | D:1      | 0 ||| qw: Allow faded altars: false
     0 | D:1      | 0 ||| qw: Do Orc after D:15 true
     0 | D:1      | 0 ||| qw: Do second Lair branch before Depths: true
     0 | D:1      | 0 ||| qw: Lair rune preference: random
     0 | D:1      | 0 ||| qw: Plans: Normal
     0 | D:1      | 0 ||| PLANNING D:1-11
    37 | D:1      | 37 ||| Stepping ~*~*~tactically~*~*~ (outnumbered).
    38 | D:1      | 38 ||| Stepping ~*~*~tactically~*~*~ (outnumbered).
    39 | D:1      | 39 ||| Stepping ~*~*~tactically~*~*~ (outnumbered).
   262 | D:1      | Reached XP level 2. HP: 29/29 MP: 2/2
   274 | D:1      | 274 ||| Stepping ~*~*~tactically~*~*~ (outnumbered).
   441 | D:1      | Found a faded altar of an unknown god.
   702 | D:1      | 702 ||| UPGRADING to ring of willpower.
   703 | D:1      | 703 ||| READING scroll labelled TYLEMAOSHROV.
   872 | D:2      | Reached skill level 4 in Unarmed Combat
   900 | D:2      | 900 ||| Stepping ~*~*~tactically~*~*~ (stealth).
   908 | D:2      | Reached XP level 3. HP: 33/36 MP: 3/3
   918 | D:2      | 918 ||| Stepping ~*~*~tactically~*~*~ (stealth).
   923 | D:2      | Noticed Robin
   924 | D:2      | 924 ||| Stepping ~*~*~tactically~*~*~ (stealth).
   933 | D:2      | 933 ||| INVOKING Fiery Armour.
   941 | D:2      | Killed Robin
  1054 | D:2      | 1054 ||| Stepping ~*~*~tactically~*~*~ (stealth).
  1057 | D:2      | 1057 ||| Stepping ~*~*~tactically~*~*~ (stealth).
  1087 | D:2      | Found Wuak's Vocational Training.
  1112 | D:2      | 1112 ||| Stepping ~*~*~tactically~*~*~ (outnumbered).
  1114 | D:2      | 1114 ||| Stepping ~*~*~tactically~*~*~ (outnumbered).
  1116 | D:2      | 1116 ||| Stepping ~*~*~tactically~*~*~ (outnumbered).
  1117 | D:2      | 1117 ||| Stepping ~*~*~tactically~*~*~ (outnumbered).
  1118 | D:2      | 1118 ||| Stepping ~*~*~tactically~*~*~ (outnumbered).
  1119 | D:2      | 1119 ||| Stepping ~*~*~tactically~*~*~ (outnumbered).
  1514 | D:2      | 1514 ||| UPGRADING to +2 animal skin.
  1524 | D:2      | 1524 ||| DROPPING +0 robe.
  1525 | D:2      | 1525 ||| UPGRADING to amulet of regeneration.
  1530 | D:2      | 1530 ||| READING 2 scrolls labelled ZANIUME SERUTH.
  1531 | D:2      | 1531 ||| READING 2 scrolls labelled IKHAMI BEIHOFF.
  1532 | D:2      | 1532 ||| READING scroll labelled JEUTERO ESAAR.
  1533 | D:2      | 1533 ||| READING scroll labelled BIERIMPIUTY.
  1534 | D:2      | 1534 ||| DRINKING 3 orange potions.
  1535 | D:2      | 1535 ||| DRINKING 2 fizzy blue potions.
  1536 | D:2      | 1536 ||| DROPPING potion of invisibility.
  1568 | D:3      | 1568 ||| Stepping ~*~*~tactically~*~*~ (stealth).
  1706 | D:3      | Reached XP level 4. HP: 44/44 MP: 4/4
  1747 | D:3      | 1747 ||| Stepping ~*~*~tactically~*~*~ (hiding).
  1756 | D:3      | Reached skill level 5 in Unarmed Combat
  1757 | D:3      | 1757 ||| Stepping ~*~*~tactically~*~*~ (stealth).
  1799 | D:3      | Reached XP level 5. HP: 50/50 MP: 5/5
  2464 | D:3      | 2464 ||| DROPPING amulet of the acrobat.
  2465 | D:3      | 2465 ||| DRINKING 2 white potions.
  2466 | D:3      | 2466 ||| DRINKING 3 emerald potions.
  2753 | D:4      | Reached skill level 6 in Unarmed Combat
  2786 | D:4      | Noticed a black bear
  2788 | D:4      | 2788 ||| Stepping ~*~*~tactically~*~*~ (stealth).
  2790 | D:4      | 2790 ||| Stepping ~*~*~tactically~*~*~ (stealth).
  2792 | D:4      | 2792 ||| Stepping ~*~*~tactically~*~*~ (stealth).
  2794 | D:4      | 2794 ||| Stepping ~*~*~tactically~*~*~ (stealth).
  2798 | D:4      | Killed a black bear
  2803 | D:4      | 2803 ||| Stepping ~*~*~tactically~*~*~ (outnumbered).
  2804 | D:4      | 2804 ||| Stepping ~*~*~tactically~*~*~ (outnumbered).
  2805 | D:4      | 2805 ||| Stepping ~*~*~tactically~*~*~ (outnumbered).
  2806 | D:4      | 2806 ||| Stepping ~*~*~tactically~*~*~ (outnumbered).
  2807 | D:4      | 2807 ||| Stepping ~*~*~tactically~*~*~ (outnumbered).
  2808 | D:4      | 2808 ||| Stepping ~*~*~tactically~*~*~ (outnumbered).
  2809 | D:4      | 2809 ||| Stepping ~*~*~tactically~*~*~ (outnumbered).
  2810 | D:4      | 2810 ||| Stepping ~*~*~tactically~*~*~ (outnumbered).
  2811 | D:4      | 2811 ||| Stepping ~*~*~tactically~*~*~ (outnumbered).
  2812 | D:4      | 2812 ||| Stepping ~*~*~tactically~*~*~ (outnumbered).
  2813 | D:4      | 2813 ||| Stepping ~*~*~tactically~*~*~ (outnumbered).
  2814 | D:4      | 2814 ||| Stepping ~*~*~tactically~*~*~ (outnumbered).
  2815 | D:4      | 2815 ||| Stepping ~*~*~tactically~*~*~ (outnumbered).
  2843 | D:4      | 2843 ||| Stepping ~*~*~tactically~*~*~ (stealth).
  2851 | D:4      | Reached XP level 6. HP: 59/59 MP: 6/6
  2859 | D:4      | Found a white marble altar of Elyvilon.
  2861 | D:4      | 2861 ||| INVOKING Fiery Armour.
  2868 | D:4      | Reached skill level 7 in Unarmed Combat
  3048 | D:4      | Reached skill level 8 in Unarmed Combat
  3131 | D:4      | Reached skill level 3 in Fighting
  3131 | D:4      | Reached XP level 7. HP: 67/67 MP: 7/7
  3133 | D:4      | Identified the +3 war axe of Maumeas {vorpal, rC+ Will+
                  | Int+3}
  3147 | D:4      | 3147 ||| READING scroll labelled YNYBESM CALUR.
  3148 | D:4      | 3148 ||| READING 3 scrolls of identify.
  3148 | D:4      | 3148 ||| IDENTIFYING sapphire potion
  3149 | D:4      | 3149 ||| READING 2 scrolls of identify.
  3149 | D:4      | 3149 ||| IDENTIFYING clear potion
  3150 | D:4      | 3150 ||| DROPPING potion of flight.
  3151 | D:4      | 3151 ||| Stepping randomly (stuck).
  3152 | D:4      | 3152 ||| Stepping ~*~*~tactically~*~*~ (cloud).
  3162 | D:4      | 3162 ||| Stepping randomly (stuck).
  3163 | D:4      | 3163 ||| Stepping ~*~*~tactically~*~*~ (cloud).
  3204 | D:5      | Entered Level 5 of the Dungeon
  3205 | D:5      | 3205 ||| PLANNING SEWER
  3273 | D:5      | Found a basalt altar of Yredelemnul.
  3273 | D:5      | Found an ancient bone altar of Kikubaaqudgha.
  3274 | D:5      | Noticed Menkaure
  3274 | D:5      | Noticed a vampire
  3274 | D:5      | Noticed a vampire
  3285 | D:5      | Found a transporter.
  3296 | D:5      | Found a transporter.
  3366 | D:5      | Found a staircase to the Ecumenical Temple.
  3374 | D:5      | 3374 ||| Stepping ~*~*~tactically~*~*~ (stealth).
  3586 | D:5      | Identified the +1 plate armour "Kehier Mies" {rF++ Dex+5}
  3629 | D:5      | Found a glowing drain.
  3631 | D:5      | 3631 ||| INVOKING Fiery Armour.
  3632 | D:5      | 3632 ||| Stepping ~*~*~tactically~*~*~ (outnumbered).
  3633 | D:5      | 3633 ||| Stepping ~*~*~tactically~*~*~ (outnumbered).
  3634 | D:5      | 3634 ||| Stepping ~*~*~tactically~*~*~ (outnumbered).
  3635 | D:5      | 3635 ||| Stepping ~*~*~tactically~*~*~ (outnumbered).
  3636 | D:5      | 3636 ||| Stepping ~*~*~tactically~*~*~ (outnumbered).
  3770 | Sewer    | Entered a sewer
  3790 | Sewer    | Reached skill level 9 in Unarmed Combat
  3801 | Sewer    | 3801 ||| Stepping ~*~*~tactically~*~*~ (stealth).
  3813 | Sewer    | 3813 ||| Stepping ~*~*~tactically~*~*~ (outnumbered).
  3946 | Sewer    | Reached skill level 1 in Dodging
  3970 | Sewer    | 3970 ||| Stepping ~*~*~tactically~*~*~ (outnumbered).
  4314 | Sewer    | 4314 ||| UPGRADING to scarf of repulsion.
  4319 | Sewer    | 4319 ||| READING scroll labelled NINWEU GUTAOC.
  4420 | Sewer    | 4420 ||| READING 3 scrolls of identify.
  4420 | Sewer    | 4420 ||| IDENTIFYING black potion
  4443 | D:5      | 4443 ||| PLANNING D:1-11
  4475 | D:5      | You fall into a shaft and drop 3 floors!
  4487 | D:8      | Found a sparkling altar of Nemelex Xobeh.
  4499 | D:7      | 4499 ||| Stepping ~*~*~tactically~*~*~ (stealth).
  4526 | D:7      | 4526 ||| READING 3 scrolls of identify.
  4526 | D:7      | 4526 ||| IDENTIFYING fuming golden potion
  4539 | D:6      | Noticed qw's ghost (novice TrCA)
  4540 | D:6      | Found a runed translucent gate.
  4540 | D:6      | Found a runed translucent gate.
  4540 | D:6      | Found a runed translucent gate.
  4544 | D:6      | Noticed a yak
  4545 | D:6      | Noticed a troll
  4595 | D:5      | Found a runed translucent door.
  4595 | D:5      | Noticed qw's ghost (novice TrCA)
  4614 | D:5      | Found a runed translucent door.
  4684 | D:5      | 4684 ||| Stepping randomly (stuck).
  4788 | D:6      | Reached XP level 8. HP: 48/75 MP: 8/8
  4937 | D:6      | 4937 ||| Stepping ~*~*~tactically~*~*~ (stealth).
  4940 | D:6      | 4940 ||| Stepping ~*~*~tactically~*~*~ (hiding).
  5062 | D:6      | Noticed Dowan
  5064 | D:6      | 5064 ||| INVOKING Fiery Armour.
  5066 | D:6      | Noticed Duvessa
  5071 | D:6      | Reached skill level 10 in Unarmed Combat
  5075 | D:6      | Killed Duvessa
  5079 | D:6      | Killed Dowan
  5183 | D:6      | 5183 ||| Stepping ~*~*~tactically~*~*~ (hiding).
  5187 | D:6      | 5187 ||| INVOKING Fiery Armour.
  5339 | D:6      | Noticed Pikel
  5342 | D:6      | 5342 ||| Stepping ~*~*~tactically~*~*~ (stealth).
  5359 | D:6      | Killed Pikel
  5360 | D:6      | Reached skill level 11 in Unarmed Combat
  5360 | D:6      | Reached XP level 9. HP: 65/84 MP: 9/9
  5509 | D:6      | 5509 ||| READING 2 scrolls of identify.
  5509 | D:6      | 5509 ||| IDENTIFYING glowing purple potion
  5510 | D:6      | 5510 ||| DROPPING potion of lignification.
  5818 | D:7      | 5818 ||| Stepping ~*~*~tactically~*~*~ (hiding).
  5931 | D:7      | 5931 ||| Stepping ~*~*~tactically~*~*~ (stealth).
  5945 | D:7      | 5945 ||| Stepping ~*~*~tactically~*~*~ (outnumbered).
  5946 | D:7      | 5946 ||| Stepping ~*~*~tactically~*~*~ (outnumbered).
  6134 | D:7      | Found Gupis's Distillery.
  6142 | D:7      | 6142 ||| BUYING potion of cancellation (128 gold).
  6142 | D:7      | Bought a potion of cancellation for 128 gold pieces
  6142 | D:7      | 6142 ||| BUYING potion of heal wounds (80 gold).
  6142 | D:7      | Bought a potion of heal wounds for 80 gold pieces
  6142 | D:7      | 6142 ||| BUYING potion of mutation (128 gold).
  6142 | D:7      | Bought a potion of mutation for 128 gold pieces
  6142 | D:7      | 6142 ||| SHOPLISTING potion of mutation (128 gold, have
                  | 10).
  6148 | D:7      | Reached skill level 12 in Unarmed Combat
  6166 | D:7      | 6166 ||| Stepping ~*~*~tactically~*~*~ (hiding).
  6173 | D:7      | 6173 ||| Stepping ~*~*~tactically~*~*~ (hiding).
  6177 | D:7      | 6177 ||| Stepping ~*~*~tactically~*~*~ (outnumbered).
  6414 | D:8      | 6414 ||| Stepping ~*~*~tactically~*~*~ (stealth).
  6502 | D:8      | 6502 ||| Stepping ~*~*~tactically~*~*~ (hiding).
  6508 | D:8      | 6508 ||| INVOKING Fiery Armour.
  6511 | D:8      | 6511 ||| FLEEEEING.
  6512 | D:8      | 6512 ||| FLEEEEING.
  6513 | D:8      | 6513 ||| STAIRDANCE
  6520 | D:8      | 6520 ||| Stepping ~*~*~tactically~*~*~ (outnumbered).
  6557 | D:8      | 6557 ||| Stepping ~*~*~tactically~*~*~ (outnumbered).
  6559 | D:8      | 6559 ||| Stepping ~*~*~tactically~*~*~ (outnumbered).
  6560 | D:8      | 6560 ||| Stepping ~*~*~tactically~*~*~ (outnumbered).
  6579 | D:8      | 6579 ||| Stepping ~*~*~tactically~*~*~ (stealth).
  6580 | D:8      | 6580 ||| Stepping ~*~*~tactically~*~*~ (stealth).
  6787 | D:8      | Found a burning altar of Makhleb.
  7056 | D:8      | 7056 ||| UPGRADING to +0 steam dragon scales.
  7066 | D:8      | 7066 ||| DROPPING +2 animal skin.
  7067 | D:8      | 7067 ||| READING 5 scrolls of enchant armour.
  7067 | D:8      | 7067 ||| ENCHANTING +0 steam dragon scales.
  7068 | D:8      | 7068 ||| READING 4 scrolls of enchant armour.
  7068 | D:8      | 7068 ||| ENCHANTING +1 steam dragon scales.
  7069 | D:8      | 7069 ||| READING 3 scrolls of enchant armour.
  7069 | D:8      | 7069 ||| ENCHANTING +2 steam dragon scales.
  7070 | D:8      | 7070 ||| READING 2 scrolls of enchant armour.
  7070 | D:8      | 7070 ||| ENCHANTING +3 steam dragon scales.
  7071 | D:8      | 7071 ||| READING scroll of enchant armour.
  7071 | D:8      | 7071 ||| ENCHANTING +4 steam dragon scales.
  7072 | D:8      | 7072 ||| UPGRADING to ring of protection from cold.
  7073 | D:8      | 7073 ||| READING 2 scrolls of identify.
  7073 | D:8      | 7073 ||| IDENTIFYING lumpy sapphire potion
  7074 | D:8      | 7074 ||| DROPPING potion of magic.
  7128 | D:9      | 7128 ||| Stepping ~*~*~tactically~*~*~ (stealth).
  7137 | D:9      | Reached skill level 1 in Armour
  7141 | D:9      | 7141 ||| Stepping ~*~*~tactically~*~*~ (stealth).
  7142 | D:9      | 7142 ||| Stepping ~*~*~tactically~*~*~ (stealth).
  7173 | D:9      | 7173 ||| Stepping ~*~*~tactically~*~*~ (hiding).
  7174 | D:9      | 7174 ||| Stepping ~*~*~tactically~*~*~ (hiding).
  7189 | D:9      | Noticed a troll
  7190 | D:9      | 7190 ||| Stepping ~*~*~tactically~*~*~ (stealth).
  7214 | D:9      | Reached skill level 13 in Unarmed Combat
  7219 | D:9      | Noticed a queen bee
  7220 | D:9      | 7220 ||| Stepping ~*~*~tactically~*~*~ (stealth).
  7241 | D:9      | 7241 ||| INVOKING Fiery Armour.
  7248 | D:9      | HP: 21/88 [poisoned by a killer bee]
  7301 | D:9      | Killed a queen bee
  7302 | D:9      | Reached XP level 10. HP: 55/96 MP: 10/10
  7359 | D:9      | 7359 ||| Stepping ~*~*~tactically~*~*~ (stealth).
  7384 | D:9      | 7384 ||| Stepping ~*~*~tactically~*~*~ (hiding).
  7385 | D:9      | 7385 ||| Stepping ~*~*~tactically~*~*~ (hiding).
  7388 | D:9      | 7388 ||| Stepping ~*~*~tactically~*~*~ (hiding).
  7391 | D:9      | 7391 ||| Stepping ~*~*~tactically~*~*~ (outnumbered).
  7392 | D:9      | 7392 ||| Stepping ~*~*~tactically~*~*~ (outnumbered).
  7393 | D:9      | 7393 ||| Stepping ~*~*~tactically~*~*~ (outnumbered).
  7394 | D:9      | 7394 ||| Stepping ~*~*~tactically~*~*~ (hiding).
  7396 | D:9      | 7396 ||| Stepping ~*~*~tactically~*~*~ (outnumbered).
  7408 | D:9      | 7408 ||| FLEEEEING.
  7409 | D:9      | 7409 ||| FLEEEEING.
  7413 | D:9      | 7413 ||| FLEEEEING.
  7420 | D:9      | 7420 ||| Stepping ~*~*~tactically~*~*~ (stealth).
  7425 | D:9      | 7425 ||| Stepping ~*~*~tactically~*~*~ (outnumbered).
  7426 | D:9      | 7426 ||| Stepping ~*~*~tactically~*~*~ (outnumbered).
  7427 | D:9      | 7427 ||| Stepping ~*~*~tactically~*~*~ (outnumbered).
  7428 | D:9      | 7428 ||| Stepping ~*~*~tactically~*~*~ (outnumbered).
  7440 | D:9      | Reached skill level 14 in Unarmed Combat
  7516 | D:9      | 7516 ||| Stepping ~*~*~tactically~*~*~ (stealth).
  7639 | D:9      | Paralysed by a hornet for 1 turns
  7645 | D:9      | 7645 ||| INVOKING Fiery Armour.
  7823 | D:9      | 7823 ||| Stepping ~*~*~tactically~*~*~ (hiding).
  7830 | D:9      | 7830 ||| Stepping ~*~*~tactically~*~*~ (hiding).
  7902 | D:9      | Reached skill level 6 in Fighting
  7913 | D:9      | 7913 ||| Stepping ~*~*~tactically~*~*~ (hiding).
  7989 | D:9      | 7989 ||| UPGRADING to +6 ring of dexterity.
  8043 | D:10     | Entered Level 10 of the Dungeon
  8044 | D:10     | 8044 ||| STAIRDANCE
  8098 | D:10     | 8098 ||| Stepping ~*~*~tactically~*~*~ (stealth).
  8100 | D:10     | 8100 ||| Stepping ~*~*~tactically~*~*~ (stealth).
  8111 | D:10     | 8111 ||| FLEEEEING.
  8135 | D:10     | 8135 ||| FLEEEEING.
  8136 | D:10     | 8136 ||| FLEEEEING.
  8176 | D:10     | 8176 ||| Stepping ~*~*~tactically~*~*~ (outnumbered).
  8178 | D:10     | Reached skill level 3 in Dodging
  8241 | D:10     | Identified the +0 pair of gloves of the Twelve Emperors
                  | {Rampage}
  8244 | D:10     | Found Hiprauma's Assorted Antiques.
  8258 | D:10     | 8258 ||| BUYING 2 coppery potions (48 gold).
  8258 | D:10     | Bought 2 coppery potions for 48 gold pieces
  8258 | D:10     | 8258 ||| SHOPLISTING 3 scrolls of identify (162 gold, have
                  | 124).
  8258 | D:10     | 8258 ||| BUYING scroll labelled KIRAUMILIE (27 gold).
  8258 | D:10     | Bought a scroll labelled KIRAUMILIE for 27 gold pieces
  8258 | D:10     | 8258 ||| BUYING scroll of identify (54 gold).
  8258 | D:10     | Bought a scroll of identify for 54 gold pieces
  8258 | D:10     | 8258 ||| SHOPLISTING scroll of identify (54 gold, have 43).
  8476 | D:10     | 8476 ||| READING scroll labelled SAOTIOS XEKIU.
  8477 | D:10     | 8477 ||| READING scroll labelled VIEHOAPAFO.
  8478 | D:10     | 8478 ||| READING scroll labelled KIRAUMILIE.
  8481 | D:10     | 8481 ||| DRINKING 3 coppery potions.
  8482 | D:10     | 8482 ||| DROPPING 2 potions of brilliance.
  8569 | D:10     | 8569 ||| Stepping randomly (stuck).
  8619 | D:11     | Noticed qw's ghost (journeyman TrCA)
  8619 | D:11     | Noticed a two-headed ogre
  8619 | D:11     | Noticed a two-headed ogre
  8620 | D:11     | Noticed a two-headed ogre
  8621 | D:11     | Found a transporter.
  8625 | D:11     | Found a transporter.
  8704 | D:11     | 8704 ||| Stepping ~*~*~tactically~*~*~ (outnumbered).
  8768 | D:11     | 8768 ||| Stepping ~*~*~tactically~*~*~ (hiding).
  8775 | D:11     | Reached skill level 15 in Unarmed Combat
  9069 | D:11     | 9069 ||| Stepping ~*~*~tactically~*~*~ (stealth).
  9170 | D:11     | 9170 ||| Stepping ~*~*~tactically~*~*~ (stealth).
  9174 | D:11     | 9174 ||| Stepping ~*~*~tactically~*~*~ (outnumbered).
  9176 | D:11     | 9176 ||| Stepping ~*~*~tactically~*~*~ (outnumbered).
  9185 | D:11     | Reached XP level 11. HP: 101/105 MP: 11/11
  9187 | D:11     | 9187 ||| Stepping ~*~*~tactically~*~*~ (outnumbered).
  9217 | D:11     | Reached skill level 1 in Throwing
  9225 | D:11     | 9225 ||| INVOKING Fiery Armour.
  9227 | D:11     | 9227 ||| Stepping ~*~*~tactically~*~*~ (outnumbered).
  9228 | D:11     | 9228 ||| Stepping ~*~*~tactically~*~*~ (outnumbered).
  9235 | D:11     | 9235 ||| DRINKING potion of resistance.
  9240 | D:11     | Found a staircase to the Orcish Mines.
  9411 | D:11     | 9411 ||| Stepping ~*~*~tactically~*~*~ (hiding).
  9465 | D:11     | 9465 ||| Stepping ~*~*~tactically~*~*~ (hiding).
  9579 | D:11     | Found a staircase to the Lair.
  9652 | D:11     | 9652 ||| DRINKING 2 silvery potions.
  9653 | D:11     | 9653 ||| DROPPING potion of attraction.
  9704 | D:10     | 9704 ||| READING 2 scrolls of teleportation.
  9751 | D:11     | 9751 ||| PLANNING LAIR
  9825 | Lair:1   | Entered Level 1 of the Lair of Beasts
  9866 | Lair:1   | 9866 ||| INVOKING Fiery Armour.
  9869 | Lair:1   | 9869 ||| Stepping ~*~*~tactically~*~*~ (outnumbered).
  9935 | Lair:1   | 9935 ||| Stepping ~*~*~tactically~*~*~ (stealth).
  9997 | Lair:1   | Noticed a boulder beetle
  9998 | Lair:1   | 9998 ||| INVOKING Fiery Armour.
 10034 | Lair:1   | Killed a boulder beetle
 10168 | Lair:1   | 10168 ||| Stepping ~*~*~tactically~*~*~ (stealth).
 10170 | Lair:1   | 10170 ||| Stepping ~*~*~tactically~*~*~ (stealth).
 10174 | Lair:1   | Reached skill level 16 in Unarmed Combat
 10178 | Lair:1   | 10178 ||| Stepping ~*~*~tactically~*~*~ (outnumbered).
 10179 | Lair:1   | 10179 ||| Stepping ~*~*~tactically~*~*~ (outnumbered).
 10180 | Lair:1   | 10180 ||| Stepping ~*~*~tactically~*~*~ (outnumbered).
 10181 | Lair:1   | 10181 ||| Stepping ~*~*~tactically~*~*~ (outnumbered).
 10182 | Lair:1   | 10182 ||| Stepping ~*~*~tactically~*~*~ (outnumbered).
 10183 | Lair:1   | 10183 ||| Stepping ~*~*~tactically~*~*~ (outnumbered).
 10565 | Lair:1   | 10565 ||| READING scroll labelled QECVAR MIUC.
 10651 | Lair:2   | 10651 ||| Stepping ~*~*~tactically~*~*~ (outnumbered).
 10706 | Lair:2   | 10706 ||| Stepping ~*~*~tactically~*~*~ (stealth).
 10723 | Lair:2   | 10723 ||| FLEEEEING.
 10724 | Lair:2   | 10724 ||| FLEEEEING.
 10799 | Lair:2   | Found a staircase to the Shoals.
 10800 | Lair:2   | 10800 ||| Stepping ~*~*~tactically~*~*~ (hiding).
 10802 | Lair:2   | 10802 ||| Stepping ~*~*~tactically~*~*~ (outnumbered).
 10804 | Lair:2   | 10804 ||| Stepping ~*~*~tactically~*~*~ (outnumbered).
 10818 | Lair:2   | Reached skill level 17 in Unarmed Combat
 10829 | Lair:2   | Noticed a four-headed hydra
 10845 | Lair:2   | 10845 ||| Stepping ~*~*~tactically~*~*~ (stealth).
 10847 | Lair:2   | 10847 ||| INVOKING Fiery Armour.
 10848 | Lair:2   | 10848 ||| Stepping ~*~*~tactically~*~*~ (stealth).
 10851 | Lair:2   | Killed a seven-headed hydra
 10852 | Lair:2   | Reached XP level 12. HP: 62/118 MP: 12/12
 10857 | Lair:2   | 10857 ||| FLEEEEING.
 10858 | Lair:2   | 10858 ||| FLEEEEING.
 10859 | Lair:2   | 10859 ||| FLEEEEING.
 10870 | Lair:2   | HP: 18/118 [black mamba (14)]
 10871 | Lair:2   | 10871 ||| READING 2 scrolls of teleportation.
 10872 | Lair:2   | 10872 ||| DRINKING 7 potions of heal wounds.
 10875 | Lair:2   | 10875 ||| Stepping ~*~*~tactically~*~*~ (stealth).
 10875 | Lair:2   | HP: 21/118 [poisoned by a black mamba]
 10876 | Lair:2   | 10876 ||| READING scroll of teleportation.
 10877 | Lair:2   | 10877 ||| DRINKING 6 potions of heal wounds.
 10878 | Lair:2   | 10878 ||| DRINKING 5 potions of heal wounds.
 10884 | Lair:2   | Noticed a boulder beetle
 10894 | Lair:2   | Killed a boulder beetle
 10980 | Lair:2   | 10980 ||| PLANNING TEMPLE
 11130 | D:9      | 11130 ||| Stepping ~*~*~tactically~*~*~ (stealth).
 11145 | D:9      | 11145 ||| Stepping ~*~*~tactically~*~*~ (stealth).
 11154 | D:9      | Identified the +5 short sword "Hostuhos" {vorpal, rElec}
 11155 | D:9      | 11155 ||| Stepping ~*~*~tactically~*~*~ (stealth).
 11156 | D:9      | 11156 ||| Stepping ~*~*~tactically~*~*~ (hiding).
 11157 | D:9      | 11157 ||| Stepping ~*~*~tactically~*~*~ (hiding).
 11293 | Temple   | Entered the Ecumenical Temple
 11372 | Temple   | 11372 ||| PLANNING CONVERSION TO OKAWARU
 11378 | Temple   | Fell from the grace of Ignis
 11378 | Temple   | Became a worshipper of Warmaster Okawaru
 11379 | Temple   | 11379 ||| PLANNING LAIR
 12021 | Lair:2   | 12021 ||| Stepping ~*~*~tactically~*~*~ (outnumbered).
 12037 | Lair:2   | Reached * piety under Okawaru
 12153 | Lair:2   | 12153 ||| DROPPING amulet of magic regeneration.
 12154 | Lair:2   | 12154 ||| READING 2 scrolls labelled BEADDI OHUI.
 12155 | Lair:2   | 12155 ||| DROPPING scroll of vulnerability.
 12189 | Lair:3   | 12189 ||| STAIRDANCE
 12194 | Lair:2   | Reached skill level 1 in Invocations
 12291 | Lair:3   | Found a hole to the Spider Nest.
 12295 | Lair:3   | 12295 ||| Stepping randomly (stuck).
 12297 | Lair:3   | 12297 ||| INVOKING Heroism.
 12381 | Lair:3   | 12381 ||| Stepping ~*~*~tactically~*~*~ (stealth).
 12382 | Lair:3   | 12382 ||| INVOKING Heroism.
 12384 | Lair:3   | You fall into a shaft and drop 2 floors!
 12384 | Lair:5   | Entered Level 5 of the Lair of Beasts
 12393 | Lair:5   | Reached ** piety under Okawaru
 12399 | Lair:5   | 12399 ||| INVOKING Heroism.
 12402 | Lair:5   | 12402 ||| Stepping ~*~*~tactically~*~*~ (outnumbered).
 12403 | Lair:5   | 12403 ||| Stepping ~*~*~tactically~*~*~ (outnumbered).
 12405 | Lair:5   | 12405 ||| Stepping ~*~*~tactically~*~*~ (outnumbered).
 12408 | Lair:5   | Reached skill level 18 in Unarmed Combat
 12408 | Lair:5   | Reached skill level 3 in Invocations
 12410 | Lair:5   | Noticed an eight-headed hydra
 12418 | Lair:5   | HP: 22/118 [dream sheep (8)]
 12419 | Lair:5   | 12419 ||| DRINKING 5 potions of heal wounds.
 12422 | Lair:5   | 12422 ||| DRINKING 4 potions of heal wounds.
 12422 | Lair:5   | Noticed a four-headed hydra
 12425 | Lair:5   | Killed an 11-headed hydra
 12425 | Lair:5   | HP: 29/118 [wolf (2)]
 12426 | Lair:5   | 12426 ||| DRINKING 3 potions of heal wounds.
 12429 | Lair:5   | Noticed a death yak
 12430 | Lair:5   | 12430 ||| INVOKING Heroism.
 12432 | Lair:5   | Noticed a death yak
 12433 | Lair:5   | HP: 29/118 [wolf (2)]
 12434 | Lair:5   | 12434 ||| DRINKING 2 potions of heal wounds.
 12438 | Lair:5   | 12438 ||| DRINKING potion of heal wounds.
 12442 | Lair:5   | HP: 23/119 [yak (22)]
 12447 | Lair:5   | Noticed a death yak
 12448 | Lair:5   | HP: 15/119 [dream sheep (2)]
 12449 | Lair:5   | Noticed a death yak
 12449 | Lair:5   | HP: 1/119 [yak (8)]
 12450 | Lair:5   | Reached *** piety under Okawaru
 12451 | Lair:5   | Mangled by a wolf

Levels and vault maps discovered:
D:1:      amcnicky_arrival_double_pillar, layout_loops_ring,
          dilly_ecumenical_altar_fadedgnrine
D:2:      layout_basic, nicolae_shop_vocational, uniq_robin
D:3:      layout_basic, guppyfry_early_lair_pool
D:4:      layout_gridville, mainiacjoe_overflow_alcove_1,
          kennysheep_generic_room_4
D:5:      layout_cave_pools, gammafunk_temple_of_torment,
          minmay_temple_entry_nine_rooms, portal_sewer_entry_c,
          ebering_ghost_sewer_f, abandoned_shop
D:6:      layout_loops_ring, gammafunk_ghost_split, uniq_pikel, uniq_duvessa
D:7:      layout_basic, serial_shops, shop
D:8:      layout_loops_ring, mainiacjoe_overflow_six_doors_small,
          nicolae_overflow_hidden_temple, enter_bailey_3
D:9:      layout_irregular_city, minivault_7
D:10:     layout_basic, minmay_shop_grid_forest
D:11:     layout_roguey, erik_lair_dragon, erik_orc_1, gammafunk_ghost_smash,
          minmay_misc_feat_doors
Temple:   minmay_crystal_spiral_temple
Lair:1:   layout_big_grid, grunt_megastairs_4, infiniplex_staircase_pool_2
Lair:2:   layout_concentric_octagons, elwin_shoals_entry_stream,
          nicolae_quartered_pool_impasse
Lair:3:   wander_river, layout_misc_corridors,
          nicolae_spider_entry_orb_guardian, serial_bayou_shore_a
Lair:5:   due_jungle_book, layout_loops_ring, slime_entry_1,
          gammafunk_ghost_grave

Skill      XL: |  1  2  3  4  5  6  7  8  9 10 11 12 |
---------------+-------------------------------------+-----
Unarmed Combat | 4 5 6 8 9 11 13 15 17 18 | 18.0
Fighting       | 3 4 5 6 7 8 |  8.0
Dodging        | 1 3 4 |  4.1
Armour         | 1 2 |  2.1
Throwing       | 2 |  2.0
Invocations    | 4 |  4.0
Spellcasting   | |  1.0
Fire Magic     | |  2.1

Action                   |  1- 3 |  4- 6 |  7- 9 | 10-12 || total
-------------------------+-------+-------+-------+-------++-------
Melee: Unarmed           |    96 |    81 |   291 |   440 ||   908
       Punch             |       |     1 |     8 |    31 ||    40
Throw: Boomerang         |       |    14 |       |     8 ||    22
Invok: Fiery Armour      |     1 |     1 |     5 |     5 ||    12
       Heroism           |       |       |       |     4 ||     4
  Use: Scroll            |     5 |       |    13 |     8 ||    26
       Potion            |     2 |     2 |       |    11 ||    15
Armor: Robe              |    38 |       |       |       ||    38
       Animal skin       |       |    36 |    83 |       ||   119
       Steam dragon scal |       |       |    50 |   213 ||   263
Dodge: Dodged            |    39 |    29 |   153 |   229 ||   450
       Repelled          |       |       |     3 |     2 ||     5

Table legend:
 A = Non-vault XP
 B = Vault XP
 C = Vault XP percentage of total XP
 D = Non-vault monster count
 E = Vault monster count
 F = Vault count percentage of total count
                 A         B        C        D         E       F
            +---------+---------+-------+---------+---------+-------
      Total |   28270 |    6330 |  18.3 |     242 |     104 |  30.1
            +---------+---------+-------+---------+---------+-------
        D:1 |      19 |       0 |   0.0 |      13 |       0 |   0.0
        D:2 |      39 |      35 |  47.3 |      17 |      11 |  39.3
        D:3 |     116 |       0 |   0.0 |      16 |       0 |   0.0
        D:4 |     509 |     100 |  16.4 |      20 |       1 |   4.8
        D:5 |     321 |      32 |   9.1 |       9 |       6 |  40.0
        D:6 |     599 |     844 |  58.5 |      12 |       3 |  20.0
        D:7 |     895 |       0 |   0.0 |      17 |       0 |   0.0
        D:8 |     968 |       6 |   0.6 |      15 |       4 |  21.1
        D:9 |    2382 |    1362 |  36.4 |      35 |      18 |  34.0
       D:10 |    1099 |       0 |   0.0 |       8 |       0 |   0.0
       D:11 |    1950 |    1342 |  40.8 |      13 |      21 |  61.8
     Lair:1 |    4225 |      85 |   2.0 |      17 |       1 |   5.6
     Lair:2 |    8714 |    1688 |  16.2 |      27 |       4 |  12.9
     Lair:3 |     424 |     689 |  61.9 |       2 |       1 |  33.3
     Lair:5 |    6010 |       0 |   0.0 |      21 |       0 |   0.0
      Sewer |       0 |     147 | 100.0 |       0 |      34 | 100.0
            +---------+---------+-------+---------+---------+-------
